 Dungeon Crawl Stone Soup version 0.32-a0-30-gefbe487952 (webtiles) character file.

Game seed: 9722709227646669199

2 Morbidden the Conjurer (level 1, -1/13 HPs)
             Began as a Barachi Conjurer on Jan 19, 2024.
             Killed from afar by a dart slug (6 damage)
             ... with a slug dart
             ... on level 1 of the Dungeon.
             The game lasted 00:00:40 (183 turns).

Morbidden the Conjurer (Barachi Conjurer)            Turns: 183, Time: 00:00:40

Health: -1/13      AC:  2    Str:  8    XL:     1   Next: 40%
Magic:  1/3        EV: 12    Int: 18    God:
Gold:   29         SH:  0    Dex: 10    Spells: 3/4 levels left

rFire   . . .        (no weapon)
rCold   . . .        (no shield)
rNeg    . . .        a - +0 robe
rPois   .            (no helmet)
rElec   .            (no cloak)
rCorr   .            (no gloves)
SInv    .            (no boots)
Will    .....        (no amulet)
Stlth   ++           (no ring)
HPRegen 0.22/turn    (no ring)
MPRegen 0.08/turn

%: no passive effects
@: slow
A: amphibious, slowness 1, strong legs 1, +LOS
a: Hop


You were on level 1 of the Dungeon.
You visited 1 branch of the dungeon, and saw 2 of its levels.

You collected 29 gold pieces.

Inventory:

Armour
 a - a +0 robe (worn)
Potions
 b - a potion of magic


   Skills:
 + Level 2.1 Dodging
 + Level 1.7 Stealth
 * Level 2.1 Spellcasting
 * Level 4.5 Conjurations


You had 3 spell levels left.
You knew the following spells:

 Your Spells              Type           Power      Damage    Failure   Level
a - Magic Dart            Conj           72%        1d6       2%          1

Your spell library contained the following spells:

 Spells                   Type           Power      Damage    Failure   Level
 Searing Ray              Conj           36%        2d5       4%          2
 Fulminant Prism          Conj/Alch      5%         3d7       56%         4
 Iskenderun's Mystic Bla  Conj/Tloc      10%        2d4       56%         4


Dungeon Overview and Level Annotations

Branches:
Dungeon (2/15)

Altars:


Innate Abilities, Weirdness & Mutations

You are amphibious.
You cover ground slowly.
You can hop short distances.
You have an extended range of vision and can be seen from far away.


Message History

Unknown command.
You hit the bat but do no damage.
The bat is severely wounded.
The bat barely misses you.
The frilled lizard bites you but does no damage.
The bat hits you but does no damage.
Unknown command.
You hit the bat.
You kill the bat!
The frilled lizard closely misses you.
You hit the frilled lizard.
You kill the frilled lizard!
You start resting.
You are ready to hop once more.
You start resting.
HP restored.
You start resting.
Magic restored.
The endoplasm quivers.
The hobgoblin hits you but does no damage.
Casting: Magic Dart (safe; 2% risk of failure)
Confirm with . or Enter, or press ? or * to list all spells.
Aiming: Magic Dart (safe; 2% risk of failure)
Press: ? - help, Shift-Dir - straight line, f - hobgoblin
Aim: a hobgoblin (100% to hit)
The magic dart hits the hobgoblin but does no damage.
The hobgoblin hits you.
Casting: Magic Dart (safe; 2% risk of failure)
Confirm with . or Enter, or press ? or * to list all spells.
Aiming: Magic Dart (safe; 2% risk of failure)
Press: ? - help, Shift-Dir - straight line, f/p - hobgoblin
Aim: a hobgoblin (100% to hit)
The magic dart hits the hobgoblin.
The hobgoblin is lightly wounded.
The dart slug launches a dart at you. The slug dart hits you.
The hobgoblin hits you.
Unknown command.
The dart slug launches a dart at you. The slug dart hits you.
You die...

## .. #... .. .# #. . ~##
.. #..~##≈≈###.. #..
~≈#≈≈≈~. .. #.~#≈≈≈≈#≈## #
.... #.~≈#≈≈≈≈≈≈#.# ......
#.#≈≈≈≈≈≈≈≈~.
......#####(##@≈#≈#≈#
#..........##).#≈≈≈≈≈≈#
#+#
#..............#g#≈≈≈##
#.#
.........^.....b####w...?.
###.8
##.##..........J........##
#~#.#
#...##..........$$... ....
♣8.' ..≈..#...............
..# #~#.#
.≈≈≈................. .) #
#.8 .≈..#............... #
#.#


You could see a dart slug, an endoplasm, a hobgoblin and a bat.

Vanquished Creatures
  A bat (D:1)
  A frilled lizard (D:1)
  A kobold (D:1)
3 creatures vanquished.

Notes
Turn   | Place    | Note
-------+----------+-------------------------------------------
     0 | D:1      | Morbidden the Barachi Conjurer began the quest for the Orb.
     0 | D:1      | Reached XP level 1. HP: 13/13 MP: 3/3
   116 | D:1      | You fall into a shaft and drop 1 floor!
   183 | D:1      | Killed from afar by a dart slug

Illustrated notes

Levels and vault maps discovered:
D:1:      saegor_arrival_fortress, layout_rooms, minivault_4,
          amcnicky_mini_pool_small, hangedman_feature_mirror, nrook_campfire
D:2:      layout_rooms, uniq_robin, uniq_crazy_yiuf_cottage

Action                     || total
---------------------------++-------
  Melee: Unarmed           ||     8
   Cast: Magic Dart        ||    11
Ability: Hop               ||     1
 Armour: Robe              ||    26
  Dodge: Dodged            ||    29

Table legend: (Time is in decaauts)
 A = Elapsed time spent in this place.
 B = Non-inter-level travel time spent in this place.
 C = Inter-level travel time spent in this place.
 D = Time resting spent in this place.
 E = Time spent auto-exploring this place.
 F = Levels seen in this place.
 G = Mean time per level.
                   A        B        C        D        E       F      G
               +--------+--------+--------+--------+--------+-----+--------+
         Total |    198 |    198 |      0 |     64 |     79 |   2 |   99.0 |
       Dungeon |    198 |    198 |      0 |     64 |     79 |   2 |   99.0 |
               +--------+--------+--------+--------+--------+-----+--------+

Top non-repeatable levels by time:
     D:1: 190 daAuts
     D:2: 8 daAuts
